 Dungeon Crawl Stone Soup version 0.24.0-123-gd5b16e6ec5 (webtiles) character file.

Game seed: 3766350235443661053, levelgen mode: deterministic

7 FluffGlitter the Grave Robber (level 1, -1/13 HPs)
             Began as a Demonspawn Necromancer on Jan 12, 2020.
             Slain by a gnoll
             ... wielding a +0 spear
              (4 damage)
             ... on level 1 of the Dungeon.
             The game lasted 00:03:49 (370 turns).

FluffGlitter the Grave Robber (DsNe)                 Turns: 370, Time: 00:03:50

Health: -1/13      AC:  2    Str:  8    XL:     1   Next: 83%
Magic:  0/3        EV: 12    Int: 16    God:
Gold:   0          SH:  0    Dex: 13    Spells: 2/4 levels left

rFire    . . .     SeeInvis .   b - +0 dagger
rCold    . . .     Gourm    .   (no shield)
rNeg     . . .     Faith    .   a - +0 robe
rPois    .         Spirit   .   (no helmet)
rElec    .         Reflect  .   (no cloak)
rCorr    .         Harm     .   (no gloves)
MR       .....                  (no boots)
Stlth    ++........             (no amulet)
HPRegen  0.04/turn              (no ring)
MPRegen  0.08/turn              (no ring)

@: no status effects
A: no striking features
a: no special abilities


You were on level 1 of the Dungeon.
You were not hungry.

You visited 1 branch of the dungeon, and saw 1 of its levels.

Inventory:

Hand Weapons
 b - a +0 dagger (weapon)
   (You found it on level 1 of the Dungeon)
Armour
 a - a +0 robe (worn)
Scrolls
 d - 2 scrolls of remove curse {unknown}
Potions
 f - a potion of haste {unknown}
Comestibles
 c - 2 chunks of flesh
 e - 2 rations {!d}


   Skills:
 + Level 1.9 Dodging
 + Level 2.0 Stealth
 + Level 2.1 Spellcasting
 + Level 4.4 Necromancy


You had 2 spell levels left.
You knew the following spells:

 Your Spells              Type           Power        Failure   Level  Hunger
a - Pain                  Necr           ###.         3%          1    #......
b - Animate Skeleton      Necr           N/A          3%          1    #......

Your spell library contained the following spells:

 Spells                   Type           Power        Failure   Level  Hunger
 Vampiric Draining        Necr           ###.......   10%         3    ###....
 Regeneration             Chrm/Necr      #.........   24%         3    ###....
 Animate Dead             Necr           N/A          32%         4    #####..


Dungeon Overview and Level Annotations

Branches:
Dungeon (1/15)

Altars:


Message History

d - 2 scrolls labeled KUCORA MEVE A frilled lizard comes into view.
The frilled lizard hisses angrily.
Aim: a frilled lizard (chance to defeat MR: 87%)
The frilled lizard writhes in agony.
You kill the frilled lizard!
You start resting.
You start resting.
A frilled lizard comes into view.
Found a glowing purple potion.
The frilled lizard hisses angrily.
You barely miss the frilled lizard. The frilled lizard closely misses you.
You miss the frilled lizard.
The frilled lizard bites you but does no damage.
You hit the frilled lizard.
You kill the frilled lizard!
Okay, then.
Memorise Animate Skeleton, consuming 1 spell level and leaving 2?
Okay, then.
Unknown command.
Unknown command.
Unknown command.
Memorise Animate Skeleton, consuming 1 spell level and leaving 2?
You start memorising the spell.
You continue memorising.
You finish memorising.
Spell assigned to 'u'.
f - a glowing purple potion Adjust (i)tems, (s)pells, or (a)bilities?
Adjust which spell? u - Animate Skeleton Adjust to which letter?
Adjust to which letter? b - Animate Skeleton A gnoll comes into view.
It is wielding a +0 spear.
The gnoll shouts!
Aim: a gnoll, wielding a +0 spear (chance to defeat MR: 81%)
The gnoll barely resists.
Aim: a gnoll, wielding a +0 spear (chance to defeat MR: 81%)
The gnoll writhes in agony.
Aim: a gnoll, wielding a +0 spear (moderately wounded, chance to defeat MR: 81%)
The gnoll writhes in agony.
The gnoll hits you from afar with a +0 spear.
* * * LOW HITPOINT WARNING * * *
The gnoll barely misses you.
You hit the gnoll. The gnoll hits you but does no damage.
You hit the gnoll. The gnoll hits you with a +0 spear.
* * * LOW HITPOINT WARNING * * *
You don't have enough magic to cast that spell.
You hit the gnoll but do no damage. The gnoll closely misses you.
You completely miss the gnoll. The gnoll hits you with a +0 spear.
You die...

######## #......#
#.####.# #.# #.#
##### #.# #.#
......###.####.#
......g@..##...#
#####.######.###.###
# #.........
.#####..##.##..
................
#######..#######
#.........
...######........
..........#######


You could see a gnoll.

Vanquished Creatures
  A goblin (D:1)
  A hobgoblin (D:1)
  2 bats (D:1)
  2 frilled lizards (D:1)
  A rat (D:1)
7 creatures vanquished.

Notes
Turn   | Place    | Note
-------+----------+-------------------------------------------
     0 | D:1      | FluffGlitter the Demonspawn Necromancer began the quest for
                  | the Orb.
     0 | D:1      | Reached XP level 1. HP: 13/13 MP: 3/3
   343 | D:1      | Learned a level 1 spell: Animate Skeleton
   370 | D:1      | Slain by a gnoll

Levels and vault maps discovered:
D:1:      matt_arrival_grand_opening, layout_basic

Skill      XL: |  1 |
---------------+----+-----
Stealth        | 2 |  2.0
Dodging        | |  1.9
Spellcasting   | |  2.1
Necromancy     | |  4.4

Action                   || total
-------------------------++-------
Melee: Dagger            ||    30
 Cast: Pain              ||    10
Armor: Robe              ||    11
Dodge: Dodged            ||    23
